 Dungeon Crawl Stone Soup version 0.24-a0-118-g3d66cf40a6 (webtiles) character file.

Game seed: 0

7603 MrRokkomies the Cudgeler (level 11, -5/84 HPs)
             Began as a Gnoll Wanderer on Feb 18, 2019.
             Was a High Priest of Uskayaw.
             Slain by a wolf (6 damage)
             ... on level 1 of the Lair of Beasts on Feb 19, 2019.
             The game lasted 00:30:51 (7875 turns).

MrRokkomies the Cudgeler (Gnoll Wanderer)           Turns: 7875, Time: 00:30:52

Health: -5/84      AC: 18    Str: 18    XL:     11   Next: 17%
Magic:  19/19      EV: 10    Int: 14    God:    Uskayaw [*****.]
Gold:   306        SH:  0    Dex: 15    Spells: 21/21 levels left

rFire    . . .     SeeInvis .   a - +2 quarterstaff (drain)
rCold    . . .     Gourm    .   (shield currently unavailable)
rNeg     . . .     Faith    .   w - +2 chain mail {rPois}
rPois    +         Spirit   .   h - +2 hat
rElec    +         Reflect  .   o - +1 cloak
rCorr    .         Harm     .   (no gloves)
MR       .....                  (no boots)
Stlth    +.........             z - amulet of rage
HPRegen  0.24/turn              s - ring of poison resistance
MPRegen  0.16/turn              (no ring)

@: about to teleport, berserk cooldown, slowed, very slow
A: distributed training, fangs 1, icy blue scales 1, dopey 1, electricity
resistance, strong 1, strong nose
a: Stomp, Line Pass, Grand Finale, Renounce Religion, Evoke Berserk Rage


You were on level 1 of the Lair of Beasts.
You worshipped Uskayaw.
Uskayaw was noncommittal.
You were not hungry.

You visited 2 branches of the dungeon, and saw 11 of its levels.

You collected 477 gold pieces.
You spent 171 gold pieces at shops.

Inventory:

Hand Weapons
 a - a +2 quarterstaff of draining (weapon)
 b - a +2 hunting sling of freezing
 g - a +0 blowgun
Missiles
 q - 5 curare-tipped needles
 u - 22 poisoned needles
 x - 7 javelins (quivered)
 A - 30 sling bullets
Armour
 h - a +2 hat (worn)
 o - a +1 cloak (worn)
 w - a +2 chain mail of poison resistance (worn)
Magical Staves
 r - an uncursed staff of summoning
Jewellery
 s - a ring of poison resistance (left hand)
 z - an amulet of rage (around neck)
Wands
 j - a wand of paralysis (11)
 m - a wand of flame (66)
Scrolls
 e - 7 scrolls of identify
 k - a scroll of magic mapping
 l - 3 scrolls of remove curse
 n - 5 scrolls of teleportation
 p - a scroll of amnesia
 y - a scroll of enchant armour
Potions
 c - 5 potions of curing
 d - a potion of lignification
 i - a potion of brilliance
Comestibles
 f - 7 rations


   Skills:
 + Level 7.6 Fighting
 + Level 5.9 Short Blades
 + Level 6.5 Long Blades
 + Level 5.9 Axes
 + Level 7.6 Maces & Flails
 + Level 5.9 Polearms
 + Level 5.9 Staves
 + Level 5.9 Slings
 + Level 5.9 Bows
 + Level 5.9 Crossbows
 + Level 6.5 Throwing
 + Level 5.9 Armour
 + Level 6.5 Dodging
 + Level 7.3 Stealth
 + Level 6.5 Shields
 + Level 5.9 Unarmed Combat
 + Level 5.9 Spellcasting
 + Level 4.9 Conjurations
 + Level 4.9 Hexes
 + Level 4.9 Charms
 + Level 4.9 Summonings
 + Level 4.9 Necromancy
 + Level 4.9 Translocations
 + Level 4.9 Transmutations
 + Level 4.9 Fire Magic
 + Level 4.9 Ice Magic
 + Level 4.9 Air Magic
 + Level 4.9 Earth Magic
 + Level 4.9 Poison Magic
 + Level 6.5 Invocations
 + Level 5.9 Evocations


You had 21 spell levels left.
You didn't know any spells.
Your spell library was empty.

Dungeon Overview and Level Annotations

Branches:
Dungeon (10/15)            Temple (0/1) D:5            Lair (1/6) D:9
    Orc: D:9-12

Altars:
Dithmenos
Elyvilon
Makhleb
Nemelex Xobeh
Sif Muna
Trog
Uskayaw
Wu Jian
The Shining One

Shops:
D:5 (

Annotations:
D:7 3 runed translucent doors, MrRokkomies's ghost, novice DEFE


Innate Abilities, Weirdness & Mutations

Your experience applies equally to all skills.
You have very sharp teeth.
Your uncanny sense of smell can sniff out nearby items.
You are partially covered in icy blue scales. (AC +2)
You are dopey. (Int -2)
You are resistant to electric shocks. (rElec)
Your muscles are strong. (Str +2)


Message History

You feel yourself slow down.
The wolf seems less drained.
The wolf misses you.
As you read the scroll of teleportation, it crumbles to dust.
You feel strangely unstable.
The blink frog is no longer sharing its pain.
The water moccasin is no longer sharing its pain.
The wolf bites you but does no damage. The wolf closely misses you.
The wolf bites you.
* * * LOW HITPOINT WARNING * * *
The wolf bites you but does no damage. The wolf bites you.
* * * LOW HITPOINT WARNING * * *
You completely miss the wolf. You bite the wolf, but do no damage.
The wolf bites you.
* * * LOW HITPOINT WARNING * * *
The wolf bites you but does no damage.
The blink frog blinks!
The wolf bites you but does no damage. The wolf completely misses you.
The wolf bites you but does no damage. x2
You hit the wolf but do no damage.
The wolf is severely wounded.
The wolf bites you.
You die...

.#....# ........
## ⌠.....⌠. #.
......!)
#$#.....#.. #
#..##....#
##.#####..#.....
..........Fh##
.........§Sh@#
..#####.######
#........<..####
#................
#...........#....∆
#...........# ...
###..#...+#.... .
................
..................


You could see a blink frog, a water moccasin and 2 wolves.

Vanquished Creatures
  Gastronok (D:8)
  A black mamba (Lair:1)
  Joseph (D:8)
  Psyche (D:8)
  A hippogriff (D:9)
  4 yaks (D:9)
  4 hogs (D:9)
  A human (D:9)
  A hungry ghost (D:7)
  2 water moccasins
  An orc warrior (D:7)
  A sky beast (D:9)
  5 ogres
  A black bear (D:6)
  An ice beast (D:6)
  2 phantoms
  3 wolves (Lair:1)
  2 centaurs
  A crocodile (Lair:1)
  A big kobold (D:7)
  2 bullfrogs
  A scorpion (D:5)
  2 electric eels (D:6)
  5 wights (D:6)
  6 howler monkeys
  2 crimson imps
  2 quasits
  2 centaur zombies (D:9)
  2 jellies
  3 orc priests
  4 hounds
  7 orc wizards
  3 worker ants
  A hound skeleton (D:8)
  11 adders
  9 gnolls
  2 shadow imps
  An ooze (D:3)
  2 adder skeletons
  2 worms (D:3)
  3 dart slugs
  6 leopard geckos
  28 orcs
  10 bats
  4 giant cockroaches
  7 goblins
  7 hobgoblins
  3 jackals (D:7)
  3 quokkas
  2 ball pythons
  2 frilled lizards
  8 kobolds
  12 rats
199 creatures vanquished.

Notes
Turn   | Place    | Note
-------+----------+-------------------------------------------
     0 | D:1      | MrRokkomies the Gnoll Wanderer began the quest for the Orb.
     0 | D:1      | MrRokkomies set off with the following items: a +2
                  | falchion, a +0 mace, a potion of curing, a +0 robe, a +0
                  | dagger, a ration
     0 | D:1      | Reached XP level 1. HP: 20/20 MP: 1/1
   332 | D:1      | Reached XP level 2. HP: 25/26 MP: 2/2
   722 | D:1      | Gained mutation: Your spells are a little easier to cast,
                  | but a little less powerful. [potion of mutation]
   722 | D:1      | Gained mutation: You have large cloven feet. [potion of
                  | mutation]
   722 | D:1      | Gained mutation: You evolve. [potion of mutation]
   722 | D:1      | Gained mutation: You are covered in fur. (AC +1) [potion of
                  | mutation]
   754 | D:2      | Reached XP level 3. HP: 29/31 MP: 3/3
   761 | D:2      | Gained mutation: You have a pair of small horns on your
                  | head. [evolution]
   797 | D:2      | Found a glowing golden altar of the Shining One.
  1022 | D:2      | Reached skill level 1 in Invocations
  1024 | D:2      | Reached skill level 1 in Short Blades
  1024 | D:2      | Reached skill level 1 in Axes
  1024 | D:2      | Reached skill level 1 in Polearms
  1024 | D:2      | Reached skill level 1 in Staves
  1024 | D:2      | Reached skill level 1 in Slings
  1024 | D:2      | Reached skill level 1 in Bows
  1024 | D:2      | Reached skill level 1 in Crossbows
  1024 | D:2      | Reached skill level 1 in Armour
  1024 | D:2      | Reached skill level 1 in Unarmed Combat
  1024 | D:2      | Reached skill level 1 in Spellcasting
  1024 | D:2      | Reached skill level 1 in Evocations
  1033 | D:2      | Reached XP level 4. HP: 21/38 MP: 5/5
  1186 | D:2      | Found a hide-covered altar of Uskayaw.
  1192 | D:2      | Became a worshipper of Uskayaw the Reveler
  1339 | D:2      | Reached * piety under Uskayaw
  1347 | D:2      | Reached ** piety under Uskayaw
  1352 | D:2      | Reached *** piety under Uskayaw
  1358 | D:2      | Reached skill level 1 in Conjurations
  1358 | D:2      | Reached skill level 1 in Hexes
  1358 | D:2      | Reached skill level 1 in Charms
  1358 | D:2      | Reached skill level 1 in Summonings
  1358 | D:2      | Reached skill level 1 in Necromancy
  1358 | D:2      | Reached skill level 1 in Translocations
  1358 | D:2      | Reached skill level 1 in Transmutations
  1358 | D:2      | Reached skill level 1 in Fire Magic
  1358 | D:2      | Reached skill level 1 in Ice Magic
  1358 | D:2      | Reached skill level 1 in Air Magic
  1358 | D:2      | Reached skill level 1 in Earth Magic
  1358 | D:2      | Reached skill level 1 in Poison Magic
  1361 | D:2      | Reached **** piety under Uskayaw
  1365 | D:2      | Lost mutation: Your spells are a little easier to cast, but
                  | a little less powerful. [potion of mutation]
  1365 | D:2      | Lost mutation: You evolve. [potion of mutation]
  1365 | D:2      | Lost mutation: You have a pair of small horns on your head.
                  | [potion of mutation]
  1365 | D:2      | Lost mutation: You have large cloven feet. [potion of
                  | mutation]
  1365 | D:2      | Gained mutation: You expend magic power (3 MP) to
                  | strengthen your wands. [potion of mutation]
  1365 | D:2      | Lost mutation: You expend magic power (3 MP) to strengthen
                  | your wands. [potion of mutation]
  1365 | D:2      | Gained mutation: You are agile. (Dex +2) [potion of
                  | mutation]
  1366 | D:2      | Lost mutation: You are covered in fur. (AC +1) [potion of
                  | mutation]
  1366 | D:2      | Lost mutation: You are agile. (Dex +2) [potion of mutation]
  1366 | D:2      | Gained mutation: You have large cloven feet. [potion of
                  | mutation]
  1366 | D:2      | Gained mutation: Your spells are a little harder to cast,
                  | but a little more powerful. [potion of mutation]
  1367 | D:2      | Lost mutation: You have large cloven feet. [potion of
                  | mutation]
  1367 | D:2      | Lost mutation: Your spells are a little harder to cast, but
                  | a little more powerful. [potion of mutation]
  1367 | D:2      | Gained mutation: You are dopey. (Int -2) [potion of
                  | mutation]
  1367 | D:2      | Gained mutation: You are partially covered in icy blue
                  | scales. (AC +2) [potion of mutation]
  1367 | D:2      | Gained mutation: You are resistant to electric shocks.
                  | (rElec) [potion of mutation]
  1367 | D:2      | Gained mutation: Your muscles are strong. (Str +2) [potion
                  | of mutation]
  1594 | D:3      | Found a bloodstained altar of Trog.
  1641 | D:3      | Reached XP level 5. HP: 41/43 MP: 6/6
  2129 | D:4      | Found a burning altar of Makhleb.
  2401 | D:5      | Entered Level 5 of the Dungeon
  2456 | D:5      | Reached XP level 6. HP: 50/50 MP: 8/8
  2541 | D:5      | Found a white marble altar of Elyvilon.
  2619 | D:5      | Found a sparkling altar of Nemelex Xobeh.
  2623 | D:5      | Found a bloodstained altar of Trog.
  2804 | D:5      | Found a staircase to the Ecumenical Temple.
  2831 | D:5      | Found Bupeenu's Weapon Shoppe.
  2849 | D:5      | Bought a +2 spear of venom for 171 gold pieces
  2935 | D:5      | Reached skill level 5 in Fighting
  2935 | D:5      | Reached skill level 5 in Maces & Flails
  3574 | D:6      | Reached XP level 7. HP: 55/56 MP: 10/10
  3792 | D:6      | Found a transporter.
  3808 | D:6      | Found a transporter.
  3845 | D:6      | You fall through a shaft for 3 floors!
  3865 | D:9      | Reached skill level 5 in Stealth
  3881 | D:8      | Noticed Gastronok
  3909 | D:8      | Found an ornate altar of the Wu Jian Council.
  3918 | D:8      | Found a deep blue altar of Sif Muna.
  3975 | D:8      | Noticed Psyche
  3996 | D:8      | Reached XP level 8. HP: 49/63 MP: 12/12
  4005 | D:8      | Killed Psyche
  4517 | D:6      | Reached XP level 9. HP: 50/69 MP: 10/14
  4524 | D:6      | Reached ***** piety under Uskayaw
  4999 | D:7      | Found an ornate altar of the Wu Jian Council.
  5058 | D:7      | Reached skill level 5 in Long Blades
  5058 | D:7      | Reached skill level 5 in Throwing
  5058 | D:7      | Reached skill level 5 in Dodging
  5058 | D:7      | Reached skill level 5 in Shields
  5215 | D:7      | Upgraded the game from 0.24-a0-117-g53b51606c3 to
                  | 0.24-a0-118-g3d66cf40a6
  5720 | D:7      | Found a runed translucent gate.
  5720 | D:7      | Found a runed translucent gate.
  5720 | D:7      | Found a runed translucent gate.
  5722 | D:7      | Noticed MrRokkomies's ghost (novice DEFE)
  5837 | D:8      | Noticed Joseph
  5854 | D:8      | Reached skill level 5 in Invocations
  6163 | D:8      | Killed Joseph
  6163 | D:8      | Reached XP level 10. HP: 29/77 MP: 15/17
  6684 | D:8      | Killed Gastronok
  6684 | D:8      | Reached skill level 5 in Short Blades
  6684 | D:8      | Reached skill level 5 in Axes
  6684 | D:8      | Reached skill level 5 in Polearms
  6684 | D:8      | Reached skill level 5 in Staves
  6684 | D:8      | Reached skill level 5 in Slings
  6684 | D:8      | Reached skill level 5 in Bows
  6684 | D:8      | Reached skill level 5 in Crossbows
  6684 | D:8      | Reached skill level 5 in Armour
  6684 | D:8      | Reached skill level 5 in Unarmed Combat
  6684 | D:8      | Reached skill level 5 in Spellcasting
  6684 | D:8      | Reached skill level 5 in Evocations
  6901 | D:9      | Found a staircase to the Lair.
  7018 | D:9      | HP: 2/79 [yak (10)]
  7405 | D:9      | Reached XP level 11. HP: 64/84 MP: 19/19
  7544 | D:9      | Found a shadowy altar of Dithmenos.
  7606 | D:10     | Entered Level 10 of the Dungeon
  7687 | Lair:1   | Entered Level 1 of the Lair of Beasts
  7874 | Lair:1   | HP: 1/84 [wolf (5)]
  7875 | Lair:1   | Slain by a wolf

Levels and vault maps discovered:
D:1:      elethiomel_arrival_infinity_welcomes_careful_drivers,
          layout_loops_corners, serial_bayou_lagoon_a
D:2:      layout_loops_ring, old_standard_altar, tso_metal_star, minmay_guardbox
D:3:      minmay_evil_eye, layout_rooms, trog_three_pillars_becter
D:4:      layout_rooms, old_standard_altar, first_ration
D:5:      layout_basic, lemuel_doored_altar, minitemple,
          minmay_temple_entry_crystal_x, serial_shops, nicolae_shop_stone
D:6:      gammafunk_steamed_eel, layout_loops_ring, minmay_crossroads
D:7:      layout_basic, marbit_many_paths, gammafunk_ghost_nasty_kobolds
D:8:      layout_basic, nicolae_overflow_hidden_temple, basic_altar,
          uniq_psyche, uniq_joseph, uniq_gastronok
D:9:      layout_cave_pools, dpeg_oklobed_lair, grunt_livestock, nrook_campfire,
          grunt_dithmenos_smoke_and_mirrors
D:10:     layout_long_grid, muffindrake_ghost_dual_entry, minmay_holes,
          uniq_snorg
Lair:1:   layout_chaotic_city, infiniplex_staircase_pool_2, grunt_megastairs_5,
          serial_bayou_shore_b, lemuel_fruit_tree

Skill      XL: |  1  2  3  4  5  6  7  8  9 10 |
---------------+-------------------------------+-----
Invocations    | 1 2 3 4 5 6 |  6.5
Short Blades   | 1 2 3 4 5 |  5.9
Axes           | 1 2 3 4 5 |  5.9
Polearms       | 1 2 3 4 5 |  5.9
Staves         | 1 2 3 4 5 |  5.9
Slings         | 1 2 3 4 5 |  5.9
Bows           | 1 2 3 4 5 |  5.9
Crossbows      | 1 2 3 4 5 |  5.9
Armour         | 1 2 3 4 5 |  5.9
Unarmed Combat | 1 2 3 4 5 |  5.9
Spellcasting   | 1 2 3 4 5 |  5.9
Evocations     | 1 2 3 4 5 |  5.9
Conjurations   | 1 2 3 4 |  4.9
Hexes          | 1 2 3 4 |  4.9
Charms         | 1 2 3 4 |  4.9
Summonings     | 1 2 3 4 |  4.9
Necromancy     | 1 2 3 4 |  4.9
Translocations | 1 2 3 4 |  4.9
Transmutations | 1 2 3 4 |  4.9
Fire Magic     | 1 2 3 4 |  4.9
Ice Magic      | 1 2 3 4 |  4.9
Air Magic      | 1 2 3 4 |  4.9
Earth Magic    | 1 2 3 4 |  4.9
Poison Magic   | 1 2 3 4 |  4.9
Long Blades    | 3 4 5 6 |  6.5
Throwing       | 3 4 5 6 |  6.5
Dodging        | 3 4 5 6 |  6.5
Shields        | 3 4 5 6 |  6.5
Fighting       | 5 6 7 |  7.6
Maces & Flails | 5 6 7 |  7.6
Stealth        | 5 6 7 |  7.3

Action                   |  1- 3 |  4- 6 |  7- 9 | 10-12 || total
-------------------------+-------+-------+-------+-------++-------
Melee: Falchion          |    45 |   101 |   166 |     1 ||   313
       Bite              |     1 |    24 |    37 |    35 ||    97
       Kick              |     8 |     5 |       |       ||    13
       Headbutt          |     3 |     4 |       |       ||     7
       Punch             |       |     2 |     5 |       ||     7
       Spear             |       |    44 |   219 |       ||   263
       Quarterstaff      |       |       |       |   230 ||   230
Throw: Javelin           |     1 |       |     8 |       ||     9
Invok: Stomp             |       |       |     6 |       ||     6
       Line Pass         |       |       |     1 |       ||     1
 Abil: Evoke Berserk Rag |       |       |       |     3 ||     3
  Use: Scroll            |     1 |    11 |     1 |     6 ||    19
       Potion            |     1 |     3 |     2 |     1 ||     7
 Stab: Sleeping          |     5 |     4 |       |       ||     9
       Paralysed         |       |     1 |    12 |    13 ||    26
       Confused          |       |       |     1 |       ||     1
  Eat: Chunk             |       |     5 |    10 |     4 ||    19
       Ration            |       |     1 |     4 |     1 ||     6
Armor: Robe              |     3 |       |       |       ||     3
       Ring mail         |     3 |    22 |       |       ||    25
       Scale mail        |       |     8 |       |       ||     8
       Chain mail        |       |    33 |   238 |   169 ||   440
Dodge: Dodged            |    37 |    70 |   152 |   154 ||   413
       Rpst.: Falchion   |    12 |    28 |    17 |       ||    57

Table legend:
 A = Non-vault XP
 B = Vault XP
 C = Vault XP percentage of total XP
 D = Non-vault monster count
 E = Vault monster count
 F = Vault count percentage of total count
                 A         B        C        D         E       F
            +---------+---------+-------+---------+---------+-------
      Total |    6384 |    4478 |  41.2 |     172 |      27 |  13.6
            +---------+---------+-------+---------+---------+-------
        D:1 |      14 |       0 |   0.0 |       8 |       0 |   0.0
        D:2 |      85 |      43 |  33.6 |      21 |      12 |  36.4
        D:3 |     123 |       4 |   3.1 |      21 |       3 |  12.5
        D:5 |     244 |       0 |   0.0 |      10 |       0 |   0.0
        D:6 |    1085 |     115 |   9.6 |      32 |       2 |   5.9
        D:7 |    1360 |       3 |   0.2 |      33 |       1 |   2.9
        D:8 |     648 |    3187 |  83.1 |      21 |       3 |  12.5
        D:9 |    1924 |     979 |  33.7 |      21 |       5 |  19.2
     Lair:1 |     901 |     147 |  14.0 |       5 |       1 |  16.7
            +---------+---------+-------+---------+---------+-------
